[Event "*** Titled Tuesday Blitz"]
[Site "Chess.com"]
[Date "2021.04.06"]
[Round "3"]
[White "kamilianin235"]
[Black "Cptn2"]
[Result "0-1"]
[WhiteElo "2247"]
[BlackElo "2519"]
[TimeControl "180+1"]
[EndTime "10:29:04 PDT"]
[Termination "Cptn2 won by resignation"]

1. e4 c5 2. Nf3 g6 3. d4 cxd4 4.
Qxd4 Nf6 5. Nc3 Nc6 6. Qa4 d6 7. e5 dxe5 8. Nxe5 Bd7 9. Nxd7 Nxd7 10. Bb5 Bg7 11. O-O O-O 12. Rd1 Qc8 13. Nd5 Re8 14. Bf4 e5 15. Bg5 Nb6 16. Qb3 Nxd5 17. Qxd5 Nd4 18. Bxe8 Qxe8 19. c3 Ne6 20. Be3 b6 21. Qd7 Qf8 22. Qb7 f5 23. Qd7 Qf6 24. f3 h5 25. Rd6 Nf8 26. Qc6 Qe7 27. Rad1 Re8 28. Qc4+ Kh7 29. h4 f4 30. Bf2 g5 31.
Qe4+ Kh8 32. hxg5 Qxg5 33. R6d5 h4 34. Kf1 Ne6 35. Ke2 Bf6 36. Rd7 Ng7 37. Rh1 Qxg2 38. Rg1 Qh3 39. Rb7 Qf5 40. Qc6 e4 41. Rgxg7 exf3+ 42. Kxf3 Qh3+ 43. Rg3 Qh1+ 44. Kg4 Qxc6 0-1

[Event "*** Titled Tuesday Blitz"]
[Site "Chess.com"]
[Date "2021.04.06"]
[Round "3"]
[White "Grandmaster1369"]
[Black "DonBroca"]
[Result "1-0"]
[WhiteElo "2438"]
[BlackElo "2212"]
[TimeControl "180+1"]
[EndTime "10:29:04 PDT"]
[Termination "Grandmaster1369 won on time"]

1. e4 c5 2. Nf3 d6 3. Bb5+ Nd7 4. d4 cxd4 5. Qxd4 Nf6 6. c4 g6 7. Nc3 Bg7 8. Qd3 O-O 9. Bxd7 Bxd7 10. O-O Bc6 11.
Re1 Rc8 12. Nd4 Qb6 13. Nb3 Ng4 14. Qe2 Ne5 15. Be3 Qb4 16. c5 Nc4 17. cxd6 Nxd6 18.
Bc5 Qc4 19. Bxd6 Qxe2 20. Nxe2 exd6 21. Ned4 Rfe8 22. f3 d5 23. Nxc6 bxc6 24. Re2 dxe4 25. fxe4 c5 26. Rc1 c4 27. Nd2 Bxb2 28. Rxc4 Red8 29.
Rxc8 Rxc8 30. Nb3 Be5 31. g3 Rc3 32. Kf2 Kg7 33. Re3 Rc2+ 34. Re2 Rc3 35. Rd2 h5 36. Rd5 Rc2+ 37. Rd2 Rc4 38. Ke3 Rc3+ 39. Rd3 Rc4 40. Rd5 Kf6 41. Nc5 1-0

[Event "*** Titled Tuesday Blitz"]
[Site "Chess.com"]
[Date "2021.04.06"]
[Round "3"]
[White "anon102030"]
[Black "sewin16"]
[Result "1-0"]
[WhiteElo "2719"]
[BlackElo "2488"]
[TimeControl "180+1"]
[EndTime "10:29:05 PDT"]
[Termination "anon102030 won by resignation"]

1. e4 e5 2. Nf3 Nc6 3. Bc4 Bc5 4. c3 Nf6 5. d4 exd4 6. cxd4 Bb4+ 7. Bd2 Nxe4 8. Bxb4 Nxb4 9. Bxf7+ Kxf7 10. Qb3+ Kf8 11. Qxb4+ Qe7 12. Qxe7+ Kxe7 13. O-O Kf7 14. Ne5+ Kf6 15.
f3 Ng5 16. Nc3 d6 17. Nd5+ Ke6 18. Nxc7+ Kf6 19. Ng4+ Bxg4 20. fxg4+ Kg6 21. Nxa8 Rxa8 22. Rac1 Re8 23. h4 Ne4 24. Rc7 Ng3 25. Rff7 Re1+ 26. Kh2 Nf1+ 27. Rxf1 Rxf1 28. Rxb7 Rf4 29. Kg3 Rxd4 30. Rxa7 Rd2 31. b4 Rb2 32. a3 Kf6 33. Ra5 Ke6 34. Kf3 d5 35. g3 Ke5 36. Ra7 Rb3+ 37.
Kf2 d4 38. Rxg7 Rb2+ 39. Kf3 Rb3+ 40. Ke2 Rb2+ 41. Kd3 Rb3+ 42. Kc2 Rxa3 43. Rxh7 Rxg3 44. g5 Rg2+ 45. Kd3 Rg3+ 46. Kc4 Rc3+ 47. Kb5 Rg3 48.
Ka4 Kd5 49. Rd7+ Kc4 50. Rd8 Rg4 51. Rc8+ Kd5 52. Rh8 d3 53. Kb3 Kd4 54. Rd8+ Ke3 55. b5 Rxh4 56. b6 Rh7 57. Kc4 Rh4+ 58. Kc3 Rh7 59.
Rxd3+ Kf4 60. Rd5 Ke4 61. Rb5 Rb7 62. g6 1-0

[Event "*** Titled Tuesday Blitz"]
[Site "Chess.com"]
[Date "2021.04.06"]
[Round "3"]
[White "jd001"]
[Black "dpopadic"]
[Result "1-0"]
[WhiteElo "2171"]
[BlackElo "2336"]
[TimeControl "180+1"]
[EndTime "10:29:07 PDT"]
[Termination "jd001 won on time"]

1. d4 Nf6 2. c4 g6 3. Nc3 Bg7 4. e4 d6 5. Nf3 O-O 6. Be2 e5 7.
O-O Na6 8. d5 Nc5 9. Qc2 a5 10.
Ne1 Ne8 11. Nd3 Nxd3 12. Bxd3 f5 13. Bd2 f4 14. Rac1 f3 15. g3 b6 16. a3 Qd7 17. Rfe1 Qh3 18. Bf1 Qh5 19. b4 Bh3 20.
Bd3 Nf6 21. Nd1 Ng4 22. Ne3 Nxh2 23. c5 bxc5 24. bxc5 Bh6 25. cxd6 cxd6 26. Qc7 Bxe3 27. Bxe3 Bg2 28. Qe7 Ng4 29. Qh4 Qxh4 30. gxh4 Nxe3 31. Rxe3 Rf4 32. Bf1 Bxf1 33. Kxf1 Rxh4 34. Ke1 Rb8 35. Kd2 Rf8 36. Rcc3 Rhf4 37. Kc2 h5 38. Kb3 h4 39.
Ka4 h3 40. Re1 h2 41. Rh1 Rh4 42. Kxa5 Rff4 43. Re3 Rfg4 44. Kb6 Rg1 45. Rxh2 Rxh2 46. Rxf3 Rb1+ 47. Kc6 Ra1 48. Kxd6 Rhh1 49. Kxe5 Rhd1 50. Kf6 Rd2 51. Rg3 1-0

[Event "*** Titled Tuesday Blitz"]
[Site "Chess.com"]
[Date "2021.04.06"]
[Round "3"]
[White "Nils_03"]
[Black "Balla_Tamas"]
[Result "1/2-1/2"]
[WhiteElo "2369"]
[BlackElo "2547"]
[TimeControl "180+1"]
[EndTime "10:29:08 PDT"]
[Termination "Game drawn - insufficient material"]

1. d4 e6 2. c4 f5 3. g3 Nf6 4. Bg2 d5 5. Nf3 Bd6 6. O-O O-O 7. b3 b6 8. Ba3 Bb7 9. Bxd6 cxd6 10. Nc3 dxc4 11. bxc4 Qe7 12. Rb1 Nbd7 13. Qd3 Rac8 14. Rfc1 Ne4 15. Nd2 Nxc3 16. Rxc3 Bxg2 17. Kxg2 Nf6 18.
e4 fxe4 19. Nxe4 Qb7 20. f3 Nxe4 21. Qxe4 Qxe4 22. fxe4 Rc7 23. Rf1 Rfc8 24. Rfc1 e5 25. dxe5 dxe5 26. Rd1 Rxc4 27. Rxc4 Rxc4 28. Rd8+ Kf7 29.
Rd7+ Kf6 30. Rxa7 Rxe4 31. Rb7 Re2+ 32. Kf3 Rxa2 33. Rxb6+ Kf5 34. h4 e4+ 35. Ke3 Ra3+ 36.
Kf2 Rf3+ 37. Kg2 Ke5 38. Rb7 Kf6 39. Rb4 Ke5 40. Rb7 Rf6 41. Rxg7 h6 42. Re7+ Kd4 43. g4 e3 44. Kg3 Kd3 45. g5 hxg5 46. hxg5 Rf1 47. Kg4 e2 48. g6 e1=Q 49. Rxe1 Rxe1 50.
Kf5 Rf1+ 51. Ke6 Rg1 52. Kf7 Rf1+ 53. Ke6 Ke4 54. g7 Rg1 55. Kf7 Rf1+ 56. Ke7 Rg1 57. Kf7 Kf5 58. g8=Q Rxg8 59. Kxg8 1/2-1/2

[Event "*** Titled Tuesday Blitz"]
[Site "Chess.com"]
[Date "2021.04.06"]
[Round "3"]
[White "TigranMukhutdinov"]
[Black "Sanan_Sjugirov"]
[Result "0-1"]
[WhiteElo "2607"]
[BlackElo "2863"]
[TimeControl "180+1"]
[EndTime "10:29:09 PDT"]
[Termination "Sanan_Sjugirov won by resignation"]

1. Nf3 c5 2. e4 d6 3. Nc3 a6 4. d4 cxd4 5. Nxd4 Nf6 6. Nb3 e6 7. g4 b5 8. g5 Nfd7 9. Bg2 Bb7 10. a3 Nc6 11. Be3 Nce5 12. Qe2 Be7 13. f4 Nc4 14.
O-O-O Rc8 15. Rd3 Qc7 16. h4 Nxe3 17. Qxe3 Nb6 18. Kb1 Nc4 19. Qe2 O-O 20. h5 Rfe8 21.
Rhd1 Qb6 22. Bh3 a5 23. Na2 b4 24. axb4 axb4 25. Nbc1 Ba6 26. Qe1 Ra8 27. Rb3 Qa7 28.
Bf1 d5 29. e5 Na5 30. Rg3 Bxf1 31. Qxf1 g6 32. hxg6 fxg6 33. Qg1 Qa6 34. Qf1 Qa7 35. Qg1 Bc5 36. Qf1 Nc4 37. Rb3 Ne3 38. Qd3 Nxd1 39. Qxd1 Rf8 40. Qg4 Qa6 41. Rh3 Rf7 42. Rh6 Rfa7 43. f5 exf5 44. Qe2 Qxe2 0-1

[Event "*** Titled Tuesday Blitz"]
[Site "Chess.com"]
[Date "2021.04.06"]
[Round "3"]
[White "IljaJoke"]
[Black "szabadaba"]
[Result "1/2-1/2"]
[WhiteElo "2489"]
[BlackElo "2667"]
[TimeControl "180+1"]
[EndTime "10:29:09 PDT"]
[Termination "Game drawn by repetition"]

1. e4 c6 2. d4 d5 3. exd5 cxd5 4.
c4 Nf6 5. Nc3 Nc6 6. Nf3 e6 7. cxd5 Nxd5 8. Bc4 Nb6 9. Bd3 Be7 10.
O-O O-O 11. a3 Bf6 12. Bc2 Nxd4 13. Nxd4 Qxd4 14. Be3 Qxd1 15. Raxd1 Nc4 16. Bc1 a6 17.
Be4 Nxa3 18. bxa3 Bxc3 19. Be3 f5 20. Bf3 Bf6 21. Rb1 Rf7 22. Rfc1 h6 23. a4 a5 24. Bb6 g5 25. g3 g4 26. Bg2 Bd7 27. Bxb7 Rb8 28. Bc7 Re8 29. Bxa5 Bxa4 30. Bc6 Bxc6 31.
Rxc6 Bd4 32. Re1 Rf6 33. Bd2 Kg7 34. Bf4 e5 35. Rxf6 Kxf6 36. Bxh6 Rc8 37. Be3 Rc2 38. Kg2 Rc3 39. h4 gxh3+ 40. Kxh3 Rc2 41. Bxd4 exd4 42. f4 d3 43. Re5 Re2 44. Rd5 d2 45. Rd6+ Ke7 46.
Rd5 Ke6 47. Rd4 Rf2 48. Rd3 Re2 49. Rd4 Kf6 50. Rd6+ Ke7 51. Rd5 Ke6 52. Rd4 1/2-1/2

[Event "*** Titled Tuesday Blitz"]
[Site "Chess.com"]
[Date "2021.04.06"]
[Round "3"]
[White "kirillshevchenko"]
[Black "IwkooO"]
[Result "1-0"]
[WhiteElo "2830"]
[BlackElo "2601"]
[TimeControl "180+1"]
[EndTime "10:29:10 PDT"]
[Termination "kirillshevchenko won on time"]

1. e4 c5 2. c3 d5 3. exd5 Qxd5 4. d4 Nc6 5. Nf3 Bg4 6. dxc5 Qxd1+ 7. Kxd1 e5 8. b4 f6 9. Be3 Nge7 10. Kc2 Nf5 11.
Nbd2 a5 12. Bb5 O-O-O 13. h3 Nxe3+ 14. fxe3 Bf5+ 15. e4 Bd7 16. a4 g6 17. Bxc6 Bxc6 18. b5 Be8 19. Nb3 Bf7 20. Nfd2 f5 21. Rad1 Be7 22.
exf5 gxf5 23. Nf3 Bxb3+ 24. Kxb3 e4 25. Nd4 Bxc5 26. Nxf5 Rhg8 27. g4 Kc7 28. Kc4 Bf2 29. Ne7 Rge8 30. Nd5+ Kb8 31. Nf4 Rc8+ 32. Kb3 Re7 33.
Ne2 Rf7 34. Rhf1 Rf3 35. Rd7 Ka7 36. Rxh7 e3 37. h4 Rh3 38. h5 Rd8 39. Re7 Rd2 40. Nd4 Rxd4 41. g5 Rb4+ 42. Kc2 Rg4 43. Rb1 Rxg5 44. b6+ Ka6 45. Re8 1-0

[Event "*** Titled Tuesday Blitz"]
[Site "Chess.com"]
[Date "2021.04.06"]
[Round "3"]
[White "Alex-11211"]
[Black "klimkoj"]
[Result "0-1"]
[WhiteElo "2410"]
[BlackElo "2597"]
[TimeControl "180+1"]
[EndTime "10:29:10 PDT"]
[Termination "klimkoj won on time"]

1. e4 c5 2. Nf3 d6 3. Bb5+ Nd7 4.
O-O a6 5. Bd3 Ngf6 6. Re1 e6 7.
c3 b5 8. Bc2 c4 9. a4 Bb7 10.
axb5 axb5 11. Rxa8 Qxa8 12. Na3 Be7 13. Nxb5 O-O 14. d3 cxd3 15. Bxd3 Nc5 16. Bg5 Ncxe4 17. Bh4 d5 18. Nbd4 Ba6 19. Bb1 Rb8 20. Qc2 Qb7 21. Ne5 Qxb2 22. Nec6 Qxc2 23. Bxc2 Re8 24. Bxe4 dxe4 25.
Nxe7+ Rxe7 26. Bxf6 gxf6 27. Rxe4 Rb7 28. h3 Rb1+ 29. Kh2 Rb2 30. f3 Bf1 31. Rg4+ Kf8 32. c4 f5 33. Rg3 f4 34. Rg4 h5 35. Rg5 f6 36. Rxh5 Bxg2 37. Kg1 Kg7 38. Nxe6+ Kf7 39. Nxf4 Bxf3 40. Rh7+ Kg8 41. Rc7 Rc2 42. c5 Be4 43. Kf1 f5 44. h4 Rc3 45. Ke2 Rf3 46. Ne6 Rh3 0-1

[Event "*** Titled Tuesday Blitz"]
[Site "Chess.com"]
[Date "2021.04.06"]
[Round "3"]
[White "Witik"]
[Black "Nicolas_Chess10"]
[Result "1-0"]
[WhiteElo "2719"]
[BlackElo "2444"]
[TimeControl "180+1"]
[EndTime "10:29:11 PDT"]
[Termination "Witik won by resignation"]

1. d4 Nf6 2. c4 e6 3. Nf3 Bb4+ 4. Nbd2 b6 5. e3 Bb7 6. Be2 O-O 7. O-O Bxd2 8. Nxd2 d5 9. b4 a5 10. b5 Nbd7 11. a4 Re8 12. Nf3 Ne4 13. Qc2 dxc4 14. Bxc4 Nd6 15. Be2 e5 16. Bb2 Bxf3 17. Bxf3 e4 18.
Be2 Rc8 19. Rac1 Qg5 20. Qb3 Nf6 21. Rc6 Nf5 22. Rfc1 Nh4 23. g3 Nd5 24. Qd1 Re6 25. Kh1 Ng6 26. Rxe6 fxe6 27. Bg4 Qf6 28. Rc6 Re8 29.
Kg2 Re7 30. Qb1 Nb4 31. Qxe4 Nxc6 32. bxc6 Nf8 33. Qc2 g6 34. d5 e5 35. f4 h5 36.
Be2 Qd6 37. fxe5 Qxd5+ 38. Bf3 Qe6 39. Qd3 Kh7 40. Bd5 Qf5 41. Qd4 Qc2+ 42. Kh3 Qf5+ 43. Kg2 Qc2+ 44. Kg1 Qb1+ 45. Kf2 Qc2+ 46. Ke1 Qb1+ 47.
Kd2 Qc2+ 48. Kxc2 Ne6 49. Bxe6 Rxe6 50. Qd7+ Kh6 51. Qxe6 Kg5 1-0

[Event "*** Titled Tuesday Blitz"]
[Site "Chess.com"]
[Date "2021.04.06"]
[Round "3"]
[White "Yurovskykh_Oleksandr"]
[Black "chessbia"]
[Result "0-1"]
[WhiteElo "2515"]
[BlackElo "2334"]
[TimeControl "180+1"]
[EndTime "10:29:11 PDT"]
[Termination "chessbia won by checkmate"]

1. d4 d5 2. Bf4 c5 3. e3 Nc6 4. c3 Nf6 5. Nd2 Qb6 6. Qb3 c4 7. Qc2 Nh5 8. Bg5 h6 9. Bh4 g5 10. Be2 Ng7 11. Bg3 Bf5 12. e4 Bg6 13. h4 gxh4 14. Rxh4 e6 15. Ngf3 Be7 16. Rg4 O-O-O 17. O-O-O Nh5 18. Bh4 Nf6 19. Bxf6 Bxf6 20. Rxg6 fxg6 21.
e5 Bg5 22. Nxg5 hxg5 23. Qxg6 Ne7 24. Qxg5 Kd7 25. g3 Rdg8 26. Qf4 Rf8 27. Qe3 Nf5 28. Qg5 Rhg8 29. Qh5 Qa5 30. a3 Qd8 31. Rh1 Rh8 32. Qf3 Nxd4 33. Rxh8 Nxf3 34. Rxf8 Qxf8 35. Nxf3 Qh8 36. Kd2 b5 37. Bd1 a5 38.
Bc2 Qh6+ 39. Kd1 Qh1+ 40. Ke2 Qc1 41. Nd4 Qxb2 42. g4 Qxc3 43. Nxb5 Qxc2+ 44. Ke3 Qb3+ 45. Kf4 Qxb5 46. Kg5 Qb3 47. Kf6 Qxa3 48. f4 c3 49. g5 c2 50. g6 Qe7# 0-1

[Event "*** Titled Tuesday Blitz"]
[Site "Chess.com"]
[Date "2021.04.06"]
[Round "3"]
[White "anasta10"]
[Black "annamaja"]
[Result "1-0"]
[WhiteElo "2520"]
[BlackElo "2270"]
[TimeControl "180+1"]
[EndTime "10:29:12 PDT"]
[Termination "anasta10 won on time"]

1. d4 d5 2. c4 e6 3. Nc3 Nf6 4.
cxd5 exd5 5. Bg5 Be7 6. e3 O-O 7. Bd3 c6 8. Nf3 Bg4 9. h3 Bh5 10. Qc2 Bg6 11. Ne5 Bxd3 12. Nxd3 Nbd7 13. O-O-O Ne4 14. Bxe7 Qxe7 15. Rde1 b5 16. Nxe4 Qxe4 17. f3 Qg6 18. Kb1 Rfe8 19. g4 Rac8 20. h4 c5 21. h5 Qd6 22. dxc5 Nxc5 23. Nxc5 Rxc5 24. Qd2 Rec8 25. Rc1 h6 26. a3 Rc4 27. Rhd1 R8c5 28.
Rxc4 bxc4 29. Qc3 Qb6 30. e4 dxe4 31. fxe4 Rb5 32. Rd2 Qg1+ 33. Ka2 Qxg4 34. Qxc4 Qxh5 35. Rd8+ Kh7 36. Rd7 Rc5 37. Qb3 Rc1 38. Rxa7 Qh1 39. Qxf7 Ra1+ 40. Kb3 Qd1+ 41. Kb4 Qd4+ 42. Ka5 Qe5+ 43.
Ka6 Qd6+ 44. Kb7 1-0

[Event "*** Titled Tuesday Blitz"]
[Site "Chess.com"]
[Date "2021.04.06"]
[Round "3"]
[White "ChampStan"]
[Black "Kostukov_Alex"]
[Result "1-0"]
[WhiteElo "2028"]
[BlackElo "2281"]
[TimeControl "180+1"]
[EndTime "10:29:12 PDT"]
[Termination "ChampStan won on time"]

1. d4 g6 2. c4 Bg7 3. Nf3 d6 4. g3 e5 5. Bg2 exd4 6. Nxd4 Ne7 7. O-O O-O 8. Nc3 Nbc6 9. Nxc6 bxc6 10. Qd2 Rb8 11.
b3 d5 12. Ba3 d4 13. Ne4 Re8 14. Rad1 Nf5 15. Qc2 h5 16. h4 Be6 17. Ng5 Nd6 18.
Bxc6 Bf5 19. Qd2 Re7 20. Bg2 Rd7 21. Bc5 f6 22. Bd5+ Kf8 23. Nh7+ Ke8 24. Qxd4 Ne4 25. Qe3 Rb6 26. Bxe4 Re6 27. Rxd7 Qxd7 28. f3 Bxe4 29.
fxe4 Qc6 30. Rf4 Bh6 31. Qd4 Bxf4 32. gxf4 Kf7 33. f5 Rxe4 34. Qf2 Rg4+ 35. Kh2 Kg7 36. fxg6 Qe4 37. Bf8+ Kxg6 38. Qxf6+ Kxh7 39. Qf7+ 1-0

[Event "*** Titled Tuesday Blitz"]
[Site "Chess.com"]
[Date "2021.04.06"]
[Round "3"]
[White "prachiti01"]
[Black "NoGuru"]
[Result "1-0"]
[WhiteElo "2147"]
[BlackElo "2323"]
[TimeControl "180+1"]
[EndTime "10:29:13 PDT"]
[Termination "prachiti01 won on time"]

1. e4 e5 2. Nf3 Nc6 3. Bb5 a6 4. Ba4 Nf6 5. d3 b5 6. Bb3 Bc5 7. O-O d6 8. Nc3 h6 9. Nd5 Be6 10. c3 O-O 11. d4 exd4 12. cxd4 Nxe4 13. dxc5 Nxc5 14. Bc2 Ne7 15. Nxe7+ Qxe7 16. Be3 Nd7 17. Qd3 f5 18. Nd4 Ne5 19. Qe2 Bc4 20. Bb3 f4 21. Bd2 f3 22. Bxc4+ bxc4 23. Qe3 fxg2 24. Kxg2 Qh4 25.
f4 Nd3 26. Qg3 Qh5 27. Bc3 Rf7 28. Nf3 Raf8 29. Kh1 Nxf4 30. Ng1 Qd5+ 31. Qf3 Qg5 32. Qg3 Qd5+ 33. Nf3 Ne2 34. Qg2 g5 35. Qxe2 Rxf3 36. Rxf3 Rxf3 37. Qg2 Qf5 38. Re1 d5 39. Be5 c5 40.
Bg3 d4 41. Qe2 1-0

[Event "*** Titled Tuesday Blitz"]
[Site "Chess.com"]
[Date "2021.04.06"]
[Round "3"]
[White "DrMamaliga"]
[Black "AlexSuv"]
[Result "0-1"]
[WhiteElo "2385"]
[BlackElo "2574"]
[TimeControl "180+1"]
[EndTime "10:29:14 PDT"]
[Termination "AlexSuv won on time"]

1. c4 e5 2. Nf3 Nc6 3. Nc3 Bc5 4. e3 d6 5. d4 exd4 6. exd4 Bb4 7. Bd3 Bg4 8. O-O Nge7 9. a3 Bxc3 10. bxc3 O-O 11. h3 Bf5 12. Bg5 Bxd3 13. Qxd3 h6 14. Bxe7 Qxe7 15. d5 Na5 16. Nd4 Qf6 17. Rfe1 Rfe8 18.
Kf1 a6 19. Re2 b6 20. Rae1 Rxe2 21. Qxe2 Qg6 22. g4 Kh7 23. a4 Nb7 24. Nf5 Nc5 25. Qe7 Rc8 26. a5 bxa5 27. Ra1 a4 28. f3 Qf6 29.
Qxf6 gxf6 30. Rb1 Nb3 31. Ne7 Re8 32. Re1 a3 33. Re2 Rxe7 34. Ra2 Nc5 35. Rxa3 Re3 36. Kf2 Rd3 37. h4 Rd2+ 38. Ke3 Rd1 39. h5 Rb1 40. Kf4 Rb3 41. Ra1 Rxc3 42. Re1 Nd3+ 0-1

[Event "*** Titled Tuesday Blitz"]
[Site "Chess.com"]
[Date "2021.04.06"]
[Round "3"]
[White "LordIron"]
[Black "MasterKroket"]
[Result "0-1"]
[WhiteElo "2248"]
[BlackElo "2519"]
[TimeControl "180+1"]
[EndTime "10:29:14 PDT"]
[Termination "MasterKroket won on time"]

1. d4 Nf6 2. Nf3 e6 3. g3 d5 4.
Bg2 Be7 5. O-O O-O 6. c4 dxc4 7.
Qc2 a6 8. Rd1 b5 9. Ne5 Nd5 10.
b3 cxb3 11. Qxb3 Bb7 12. a4 b4 13. a5 Nc6 14. Nxc6 Bxc6 15. Nd2 Qe8 16. Bb2 Nc3 17. Bxc3 Bxg2 18. Kxg2 Qc6+ 19. Nf3 Qxc3 20. Qxc3 bxc3 21. Ra4 Rab8 22. Ne5 Rb2 23. e3 c5 24. dxc5 Bxc5 25. Nd3 Rd2 26. Rxd2 cxd2 27. Ra1 Rd8 28. Nb2 Bb4 29. Nd1 Rd5 30. Rb1 Bxa5 31. Rb8+ Rd8 32. Rb7 Ra8 33. Kf3 h5 34. Ke2 g6 35. Nb2 Bc3 36.
Na4 Rc8 37. Nxc3 Rxc3 38. Kxd2 Ra3 39. Rb8+ Kg7 40. Ke2 g5 41. h3 g4 42. hxg4 hxg4 43. Ra8 Ra2+ 44. Kd3 Rxf2 45. Rxa6 Rf3 46. Ra4 Rxg3 47.
Ke4 f5+ 48. Kf4 Rf3+ 49. Kg5 Rxe3 50. Ra7+ Kf8 51. Kf6 Ke8 52. Rb7 g3 53. Rg7 f4 0-1

[Event "*** Titled Tuesday Blitz"]
[Site "Chess.com"]
[Date "2021.04.06"]
[Round "3"]
[White "C_K_G"]
[Black "malakismayil"]
[Result "1-0"]
[WhiteElo "2043"]
[BlackElo "2296"]
[TimeControl "180+1"]
[EndTime "10:29:14 PDT"]
[Termination "C_K_G won on time"]

1. e4 e5 2. Nf3 Nc6 3. Bc4 Bc5 4.
c3 Nf6 5. d4 exd4 6. cxd4 Bb4+ 7.
Nc3 Bxc3+ 8. bxc3 d5 9. exd5 Ne7 10. O-O O-O 11. Bg5 Nexd5 12. Bxd5 Qxd5 13. Bxf6 gxf6 14. Qd2 Bg4 15. Nh4 Qg5 16. Qxg5+ fxg5 17. Nf3 Bxf3 18. gxf3 Rfe8 19. Rfe1 Kg7 20. Kg2 f5 21. Re3 Rxe3 22. fxe3 Re8 23. Re1 Re6 24. e4 Kf6 25. e5+ Kf7 26. f4 h6 27. Rb1 b6 28. c4 Rc6 29.
Rc1 b5 30. c5 Ke6 31. Kf3 g4+ 32. Kg3 Kd5 33. Re1 Ra6 34. Re3 Ke6 35. a3 c6 36. h3 Ra4 37. Rd3 h5 38. Kh4 a5 39.
Kxh5 gxh3 40. Rxh3 Rxd4 41. Kg5 b4 42. axb4 axb4 43.
Rh6+ Kd7 44. Kxf5 b3 45. Rh7+ Kc8 46. Rh2 Rb4 47. Rb2 Kd7 48. e6+ Ke7 49. Ke5 Rb5 50. f5 Rxc5+ 51. Kf4 Rb5 52. Kg5 c5 53. Kg6 c4 54.
Re2 c3 55. f6+ Ke8 56. e7 1-0

[Event "*** Titled Tuesday Blitz"]
[Site "Chess.com"]
[Date "2021.04.06"]
[Round "3"]
[White "jefferyx"]
[Black "Didici"]
[Result "1-0"]
[WhiteElo "2971"]
[BlackElo "2665"]
[TimeControl "180+1"]
[EndTime "10:29:15 PDT"]
[Termination "jefferyx won by resignation"]

1. d4 Nf6 2. c4 e6 3. Nc3 Bb4 4. Nf3 b6 5. Qc2 Bb7 6. a3 Bxc3+ 7. Qxc3 Ne4 8. Qc2 O-O 9. e3 f5 10. Be2 d6 11. O-O Nd7 12. Ne1 c5 13. f3 Ng5 14.
dxc5 dxc5 15. b4 Qe7 16. Nd3 e5 17. Nf2 e4 18. f4 Nf3+ 19. Kh1 Nd4 20. exd4 cxd4 21.
Bb2 d3 22. Nxd3 exd3 23. Bxd3 Qf7 24. Rae1 Rac8 25. Qc3 Qg6 26. Rf2 Nf6 27. Re7 Rf7 28. Rxf7 Kxf7 29. Qd4 Re8 30. h3 Qg3 31. Bc3 Qxh3+ 32.
Kg1 Qg4 33. Bf1 Ne4 34. Re2 Re7 35. c5 bxc5 36. bxc5 Bc6 37. Qc4+ Kg6 38. Be5 Qg3 39. Qd4 Qxa3 40. Bd6 Re6 41. Re3 Rxd6 42. Qxd6+ Nxd6 43. Rxa3 Nb5 44. Ra6 Kf7 45. Rxc6 a5 46. Bxb5 a4 47. Rc7+ Ke6 48. Bxa4 Kd5 49. Bb3+ 1-0

[Event "*** Titled Tuesday Blitz"]
[Site "Chess.com"]
[Date "2021.04.06"]
[Round "3"]
[White "Firegrizzly"]
[Black "RD4ever"]
[Result "0-1"]
[WhiteElo "2625"]
[BlackElo "2891"]
[TimeControl "180+1"]
[EndTime "10:29:15 PDT"]
[Termination "RD4ever won by checkmate"]

1. e4 e6 2. d4 d5 3. exd5 exd5 4. Nf3 Nc6 5. Bb5 Bd6 6. O-O Ne7 7. c4 dxc4 8. d5 Nxd5 9. Bxc4 Nde7 10. Ng5 Ne5 11.
Bb3 O-O 12. Nc3 Bg4 13. f3 Bc5+ 14. Kh1 Qxd1 15. Rxd1 Bh5 16. Bf4 N7g6 17. Bxe5 Nxe5 18. Rd5 Bd6 19. Nb5 Rad8 20. Rad1 Bg6 21. Nxd6 cxd6 22.
Rxd6 Rxd6 23. Rxd6 h6 24. Nh3 Rc8 25. Nf4 Bc2 26. Bd5 Kf8 27. Bxb7 Rb8 28. Bd5 Rxb2 29. h4 Rb4 30. g3 Rd4 31. Rd8+ Ke7 32. Ra8 g5 33.
hxg5 hxg5 34. Rxa7+ Kd6 35. Bxf7 gxf4 36. gxf4 Nxf3 37.
Kg2 Be4 38. Kg3 Rd3 39. Kg4 Nd4 40. Ra6+ Ke7 41. Bc4 Rc3 42. Bb3 Bf5+ 43. Kg5 Rg3+ 44. Kh6 Be4 45. f5 Nxf5+ 46. Kh5 Nd6 47. Ra7+ Kf6 48.
Bd1 Nf5 49. Ra6+ Ke5 50. Ra5+ Kf4 51. Rxf5+ Bxf5 52. Bg4 Rxg4 53. a4 Rg7 54. a5 Rh7# 0-1

[Event "*** Titled Tuesday Blitz"]
[Site "Chess.com"]
[Date "2021.04.06"]
[Round "3"]
[White "vpantev"]
[Black "ffbp3q"]
[Result "1-0"]
[WhiteElo "2596"]
[BlackElo "2405"]
[TimeControl "180+1"]
[EndTime "10:29:16 PDT"]
[Termination "vpantev won on time"]

1. d4 Nf6 2. Nf3 g6 3. Bf4 Bg7 4. e3 d6 5. Be2 O-O 6. c4 Nfd7 7. e4 e5 8. Be3 Nc6 9. O-O Qe8 10. Nc3 Nf6 11. d5 Ne7 12. h3 Nh5 13. c5 Nf4 14.
Nb5 Qd8 15. Rc1 a6 16. cxd6 cxd6 17. Nc7 Rb8 18. Ba7 Bd7 19. a4 h6 20. b4 f5 21. Bxb8 Qxb8 22. exf5 Nxf5 23. Ne6 Nxe6 24. dxe6 Bxe6 25. Bc4 Qe8 26. Qb3 Bxc4 27. Qxc4+ Kh7 28. b5 axb5 29. Qxb5 Qe6 30. Rfe1 Rf7 31. Rcd1 e4 32. Nh2 Bc3 33. Re3 Nxe3 34. fxe3 h5 35. Nf1 Be5 36. Nd2 Qa2 37. Qc4 Qxc4 38. Nxc4 Bg3 39. Rd2 Rc7 40. Rc2 d5 41. Na3 Rd7 42. Nb5 Be5 43. Rc5 Bg3 44. Rc2 Be5 45. Kf1 Bg3 46. Ke2 Rf7 47.
Nc3 Rf2+ 48. Kd1 Rf1+ 49. Kd2 Be1+ 50. Ke2 Rg1 51. Rc1 Bf2 52. Rxg1 Bxg1 53. Nxd5 Kg7 54. Nc3 Kf6 55. Nxe4+ Ke5 56. Kd3 1-0

[Event "*** Titled Tuesday Blitz"]
[Site "Chess.com"]
[Date "2021.04.06"]
[Round "3"]
[White "Ind1anStar"]
[Black "IngOscarArdila"]
[Result "1-0"]
[WhiteElo "2501"]
[BlackElo "2201"]
[TimeControl "180+1"]
[EndTime "10:29:16 PDT"]
[Termination "Ind1anStar won by resignation"]

1. c4 Nf6 2. Nc3 g6 3. g3 Bg7 4. Bg2 O-O 5. d3 d6 6. Nf3 Nbd7 7. O-O e5 8. Rb1 a5 9. a3 c6 10. b4 axb4 11. axb4 Re8 12. Nd2 Qc7 13. Bb2 Nf8 14.
Qc2 Bf5 15. Ra1 Ne6 16. Nb3 Nd4 17. Nxd4 exd4 18. Na4 Nd7 19. c5 dxc5 20. Nxc5 Nxc5 21. bxc5 Bg4 22. Rfe1 Rxa1 23. Bxa1 Qa5 24. Qd1 Qa2 25. f3 Be6 26. Kf1 Bb3 27. Qb1 Qa4 28. Bb2 Bh6 29.
f4 Bf8 30. Rc1 Qb5 31. Bxd4 Qa4 32. Qb2 Bd1 33. Ra1 Qc2 34. Qxc2 Bxc2 35. Ra7 Bd1 36. Bf3 Re7 37. Ke1 Bb3 38. Kd2 f5 39. Kc3 Bd5 40.
Bxd5+ cxd5 41. Be5 Kf7 42. Bd6 Rd7 43. Bxf8 Kxf8 44.
Kd4 Kf7 45. c6 Re7 46. cxb7 Ke6 1-0

[Event "*** Titled Tuesday Blitz"]
[Site "Chess.com"]
[Date "2021.04.06"]
[Round "3"]
[White "blitzking1729"]
[Black "eljanov"]
[Result "0-1"]
[WhiteElo "2617"]
[BlackElo "2876"]
[TimeControl "180+1"]
[EndTime "10:29:17 PDT"]
[Termination "eljanov won by resignation"]

1. d4 Nf6 2. Bg5 e6 3. Nd2 h6 4. Bh4 d5 5. e3 c5 6. c3 Nc6 7. f4 cxd4 8. exd4 Bd6 9. Nh3 Qc7 10. Qf3 Ne7 11. Bd3 b6 12. O-O-O Bb7 13. Kb1 O-O-O 14. Qe2 Kb8 15. Nf3 Ne4 16. Ne5 Rhf8 17. Nf2 f6 18. Nf3 g5 19. Bg3 gxf4 20. Bh4 f5 21.
Ne5 Rde8 22. Nh3 Bxe5 23. dxe5 Ng6 24. Qh5 Rg8 25. Bxe4 fxe4 26. Bf6 Ba6 27. Qxh6 Nxe5 28. Qxf4 Ng4 29. Qxc7+ Kxc7 30. Bd4 e5 31. Bg1 Bd3+ 32. Kc1 Ref8 33. a4 Kc6 34. a5 Rf7 35. Kd2 Bf1 36. Nf2 Bxg2 37. Nxg4 Rxg4 38. axb6 Bxh1 39. bxa7 Rg8 40.
Be3 Bf3 41. Ra1 Ra8 42. b4 Rd7 43. h4 d4 44. cxd4 exd4 45. Bf4 Rdxa7 46. Rc1+ Kb5 47. Be5 Ra2+ 48. Ke1 Ra1 0-1

[Event "*** Titled Tuesday Blitz"]
[Site "Chess.com"]
[Date "2021.04.06"]
[Round "3"]
[White "eldur16"]
[Black "elegant285"]
[Result "1-0"]
[WhiteElo "2559"]
[BlackElo "2368"]
[TimeControl "180+1"]
[EndTime "10:29:17 PDT"]
[Termination "eldur16 won by resignation"]

1. Nf3 Nf6 2. g3 d5 3. Bg2 c5 4. O-O Nc6 5. d4 e6 6. c4 Be7 7. cxd5 Nxd5 8. e4 Nf6 9. e5 Nd5 10. Nc3 O-O 11. Nxd5 Qxd5 12. Be3 Rd8 13. dxc5 Qe4 14.
Qb3 Nxe5 15. Nxe5 Qxe5 16. c6 bxc6 17. Bxc6 Rb8 18. Bf4 Rxb3 19. Bxe5 Rb6 20. Rfc1 Bd6 21. Bd4 Rb8 22. Bxa7 Rxb2 23. a4 Ba6 24. a5 Kf8 25. Bb6 Rb8 26. Be4 f5 27. Bf3 e5 28.
Bd5 Rd2 29. Rd1 Rxd1+ 30. Rxd1 Ke7 31. Rc1 g6 32. f3 Bb4 33. Kg2 Kd6 34. Bb3 Rc8 35.
Rxc8 Bxc8 36. Kf2 Bc5+ 37. Bxc5+ Kxc5 38. Ke3 Ba6 39. f4 e4 40. Bg8 Bc4 41. Bxh7 Bf7 42. h3 Kb5 43. g4 Be6 44. g5 Bf7 45. h4 Kxa5 46. h5 gxh5 47. Bxf5 Bg6 48. Bxg6 h4 49.
Bxe4 1-0